 Dungeon Crawl Stone Soup version 0.17-a0-1718-g72dbe4d (webtiles) character file.

120 urechis the Skirmisher (level 4, 0/37 HPs)
             Began as a Demonspawn Abyssal Knight on Aug 24, 2015.
             Was a Believer of Lugonu.
             Slain by a killer bee (4 damage)
             ... on level 4 of the Dungeon.
             The game lasted 00:02:54 (1809 turns).

urechis the Skirmisher (Demonspawn Abyssal Knight)  Turns: 1809, Time: 00:02:54

Health: 0/37       AC:  6    Str: 13    XL:     4   Next: 75%
Magic:  4/5        EV: 11    Int: 14    God:    Lugonu [**....]
Gold:   64         SH:  0    Dex: 12    Spells: 0 memorised, 3 levels left

rFire  . . .     SeeInvis .     a - +1 spear
rCold  . . .     Clarity  .     b - +0 leather armour
rNeg   . . .     SustAt   .     (no shield)
rPois  .         Gourm    .     (no helmet)
rElec  .         Spirit   .     (no cloak)
rCorr  .         Warding  .     e - +0 pair of gloves (curse)
rMut   +         Stasis   .     (no boots)
MR     .....                    d - amulet of resist mutation
Stlth  +.........               (no ring)
                                (no ring)

@: lethally poisoned (0 -> -6), not resistant to hostile enchantments, very
unstealthy
A: talons 1, thin metallic scales 1, powered by pain 1
a: Depart the Abyss, Bend Space, Renounce Religion


You were on level 4 of the Dungeon.
You worshipped Lugonu.
Lugonu was pleased with you.
You were not hungry.

You visited 1 branch of the dungeon, and saw 3 of its levels.
You visited the Abyss 1 time.

You collected 64 gold pieces.

Inventory:

Hand weapons
 a - a +1 spear (weapon)
Armour
 b - a +0 leather armour (worn)
 e - a cursed +0 pair of gloves (worn)
Jewellery
 d - an amulet of resist mutation (around neck)
Scrolls
 f - 2 scrolls of teleportation {unknown}
 g - 3 scrolls of amnesia {unknown}
 i - a scroll of remove curse {unknown}
 l - a scroll of enchant weapon {unknown}
 n - a scroll of identify {unknown}
Potions
 h - 2 potions of mutation {unknown}
 k - a potion of resistance {unknown}
 m - a potion of might {unknown}
Comestibles
 c - 2 bread rations
 j - a meat ration


   Skills:
 + Level 4.1 Fighting
 * Level 3.7 Polearms
 - Level 1.7 Armour
 - Level 0.8 Dodging
 - Level 2.4 Invocations


You had 3 spell levels left.
You didn't know any spells.

Dungeon Overview and Level Annotations

Branches:
Dungeon (4/15)
 Temple: D:4-7

Altars:
Makhleb


Innate Abilities, Weirdness & Mutations

You have sharp toenails.
You are partially covered in thin metallic scales (AC +2).
You sometimes gain a little power by taking damage.


Message History

Found a stone staircase leading down.
You feel sick. The killer bee barely misses you.
You feel sick. The killer bee closely misses you.
You feel sick. The killer bee completely misses you.
A killer bee comes into view.
You feel sick.
The killer bee moves out of view.
The killer bee stings you.
* * * LOW HITPOINT WARNING * * *
All of the chunks of flesh in your inventory have rotted away.
Use which ability? (? or * to list) Space bends around you!
You blink.
* * * LOW HITPOINT WARNING * * *
You feel slightly more hungry.
You feel sick.
Found 10 stones.
You feel sick. The killer bee stings you.
* * * LOW HITPOINT WARNING * * *
The killer bee stings you but does no damage.
* * * LOW HITPOINT WARNING * * *
You feel sick. The killer bee stings you.
You die...

#+# ###.# ...#
###.##
+....#########
#...yy@(......
##.>y#########
###.## #...#
#.#.# ...#.#
### #.# #.#
#.#


You could see 3 killer bees.

Vanquished Creatures
  A hound (D:4)
  An orc priest (D:4)
  An adder (D:2)
  An ooze (D:2)
  3 giant geckos (D:1)
  3 orcs (D:4)
  A ball python (D:1)
  6 bats
  A giant cockroach (D:1)
  9 goblins
  4 hobgoblins
  A quokka (D:2)
  2 giant newts (D:1)
  2 kobolds
  3 rats
39 creatures vanquished.

Notes
Turn   | Place    | Note
--------------------------------------------------------------
     0 | Abyss:1  | urechis the Demonspawn Abyssal Knight began the quest for the Orb.
     0 | Abyss:1  | Reached XP level 1. HP: 18/18 MP: 2/2
    45 | D:1      | Escaped the Abyss
   420 | D:1      | Gained mutation: You sometimes gain a little power by taking damage. [demonic ancestry]
   420 | D:1      | Reached XP level 2. HP: 12/24 MP: 3/3
  1267 | D:2      | Acquired Lugonu's second power
  1272 | D:2      | Found a burning altar of Makhleb.
  1272 | D:2      | Noticed an Executioner
  1339 | D:2      | Gained mutation: You are partially covered in thin metallic scales (AC +2). [demonic ancestry]
  1339 | D:2      | Reached XP level 3. HP: 26/29 MP: 4/4
  1531 | D:2      | You fall through a shaft for 2 floors!
  1558 | D:4      | Gained mutation: You have sharp toenails. [demonic ancestry]
  1558 | D:4      | Reached XP level 4. HP: 14/37 MP: 5/5
  1582 | D:4      | Reached skill level 4 in Fighting
  1809 | D:4      | Slain by a killer bee

Vault maps used:
D:1:      minmay_arrival_nine_rooms
D:2:      makhleb_altar_promises_db, first_bread
D:4:      kennysheep_mini, minmay_misc_feat_encased

Action                   |  1- 3 |  4- 6 || total
-------------------------+-------+-------++-------
Melee: Spear             |   118 |    14 ||   132
Invok: Bend Space        |       |     1 ||     1
  Eat: Chunk             |     2 |     1 ||     3
